 Dungeon Crawl Stone Soup version 0.23-a0-577-g2b1de94 (webtiles) character file.

20 tilp the Chiller (level 2, -1/19 HPs)
             Began as a Merfolk Ice Elementalist on Dec 15, 2018.
             Slain by a rat (2 damage)
             ... on level 2 of the Dungeon.
             The game lasted 00:02:23 (888 turns).

tilp the Chiller (Merfolk Ice Elementalist)          Turns: 888, Time: 00:02:23

Health: -1/19      AC:  2    Str:  8    XL:     2   Next: 79%
Magic:  3/5        EV: 13    Int: 14    God:
Gold:   35         SH:  0    Dex: 14    Spells: 2/5 levels left

rFire    . . .     SeeInvis .   e - +0 dagger
rCold    . . .     Gourm    .   (no shield)
rNeg     . . .     Faith    .   a - +0 robe
rPois    .         Spirit   .   (no helmet)
rElec    .         Reflect  .   (no cloak)
rCorr    .         Harm     .   (no gloves)
MR       .....                  (no boots)
Stlth    ++........             (no amulet)
HPRegen  0.06/turn              (no ring)
MPRegen  0.09/turn              (no ring)

@: lethally poisoned (-1 -> -12), flying
A: change form in water, swift swim, stealthy swim
a: no special abilities


You were on level 2 of the Dungeon.
You were not hungry.

You visited 1 branch of the dungeon, and saw 2 of its levels.

You collected 35 gold pieces.

Inventory:

Hand Weapons
 e - a +0 dagger (weapon)
 l - a +0 spear
Missiles
 h - 41 stones (quivered)
Armour
 a - a +0 robe (worn)
Scrolls
 b - a scroll of remove curse {unknown}
 d - a scroll of amnesia {unknown}
 g - a scroll of teleportation {unknown}
 j - a scroll of magic mapping {unknown}
 k - a scroll of identify {unknown}
 m - a scroll of blinking {unknown}
Comestibles
 c - a ration


   Skills:
 + Level 0.6 Polearms
 - Level 2.6 Dodging
 - Level 2.1 Stealth
 - Level 2.0 Spellcasting
 - Level 0.7 Conjurations
 - Level 4.3 Ice Magic


You had 2 spell levels left.
You knew the following spells:

 Your Spells              Type           Power        Failure   Level  Hunger
a - Freeze                Ice            ##..         4%          1    ##.....
b - Throw Frost           Conj/Ice       #.....       13%         2    ###....

Your spell library contained the following spells:

 Spells                   Type           Power        Failure   Level  Hunger
 Ozocubu's Armour         Chrm/Ice       #.......     30%         3    ####...
 Throw Icicle             Conj/Ice       #.......     63%         4    #####..
 Summon Ice Beast         Ice/Summ       #.......     69%         4    #####..


Dungeon Overview and Level Annotations

Branches:
Dungeon (2/15)

Altars:
Makhleb


Message History

Confirm with . or Enter, or press ? or * to list all spells.
Aiming: Freeze (safe; 4% risk of failure)
Press: ? - help, Shift-Dir - straight line, f/p - adder
Aim: an adder (lightly wounded)
You freeze the adder.
The adder is moderately wounded.
The goblin shouts!
You feel sick. The adder bites you.
You are more poisoned.
The adder poisons you! The frilled lizard bites you.
It was a potion of flight.
You feel very buoyant.
You fly up into the air.
You feel sick. The adder barely misses you. The frilled lizard bites you.
The adder completely misses you. The frilled lizard bites you.
The rat bites you.
* * * LOW HITPOINT WARNING * * *
* * * LOW HITPOINT WARNING * * *
You feel sick. The rat bites you.
You die...

##### .... ...
###.### ..
##...!.## .
...#.......#.####
...#.......#.....
)...g..lS@.......
...#....r..#.####
. #.......# ..<
##.....##
.....####.####.#
.....r.".......###
.#..##l#..#.####<#
#.#..#.# #.#
#.#..#.# #.#


You could see an adder, a goblin, a frilled lizard and a rat.

Vanquished Creatures
  An ooze (D:1)
  A bat (D:1)
  A giant cockroach (D:1)
  3 hobgoblins (D:1)
  2 jackals (D:1)
  2 frilled lizards (D:1)
  A goblin (D:1)
  3 kobolds (D:1)
  A rat (D:1)
15 creatures vanquished.

Notes
Turn   | Place    | Note
-------+----------+-------------------------------------------
     0 | D:1      | tilp the Merfolk Ice Elementalist began the quest for the
                  | Orb.
     0 | D:1      | Reached XP level 1. HP: 13/13 MP: 3/3
   197 | D:1      | Reached XP level 2. HP: 12/19 MP: 0/5
   201 | D:1      | Learned a level 2 spell: Throw Frost
   264 | D:1      | Reached skill level 4 in Ice Magic
   874 | D:2      | Found a burning altar of Makhleb.
   888 | D:2      | Slain by a rat

Vault maps used:
D:1:      matt_arrival_diagonals, minmay_misc_feat_rugged,
          minmay_curled_crystal, minmay_misc_feat_plants,
          corexii_leaking_fountain, minmay_unequal
D:2:      old_standard_altar, first_ration, uniq_jessica

Skill      XL: |  1  2 |
---------------+-------+-----
Ice Magic      | 4 |  4.3
Polearms       | |  0.6
Dodging        | |  2.6
Stealth        | |  2.1
Spellcasting   | |  2.0
Conjurations   | |  0.7

Action                   || total
-------------------------++-------
Melee: Dagger            ||    15
 Cast: Freeze            ||    20
  Use: Potion            ||     1
Armor: Robe              ||     6
Dodge: Dodged            ||    23

Table legend:
 A = Non-vault XP
 B = Vault XP
 C = Vault XP percentage of total XP
 D = Non-vault monster count
 E = Vault monster count
 F = Vault count percentage of total count
                 A         B        C        D         E       F
            +---------+---------+-------+---------+---------+-------
      Total |      19 |      10 |  34.5 |      12 |       3 |  20.0
            +---------+---------+-------+---------+---------+-------
        D:1 |      19 |      10 |  34.5 |      12 |       3 |  20.0
            +---------+---------+-------+---------+---------+-------
